 Dungeon Crawl Stone Soup version 0.17-a0-1446-gc28613e (webtiles) character file.

243 urechis the Insei (level 5, -1/39 HPs)
             Began as a Vampire Monk on June 28, 2015.
             Killed by divine providence
             ... invoked by an orc priest
              (10 damage)
             ... on level 5 of the Dungeon.
             The game lasted 00:05:10 (3754 turns).

urechis the Insei (Vampire Monk)                    Turns: 3754, Time: 00:05:10

Health: -1/39      AC:  5    Str: 10    XL:     5   Next: 82%
Magic:  5/5        EV: 14    Int: 13    God:
Gold:   152        SH:  0    Dex: 17    Spells: 0 memorised, 4 levels left

rFire  . . .     SeeInvis +       - Unarmed
rCold  + + .     Clarity  .     y - +1 robe of Daisies {*Confuse rC+ rN+}
rNeg   + + +     SustAt   .     (no shield)
rPois  +         Gourm    .     (no helmet)
rElec  .         Spirit   .     n - +1 cloak
rCorr  .         Warding  .     (no gloves)
rMut   .         Stasis   .     (no boots)
MR     .....                    (no amulet)
Stlth  +++.......               (no ring)
                                (no ring)

@: regenerating slowly, not resistant to hostile enchantments, fairly stealthy
A: fangs 3, see invisible, unbreathing
a: Bat Form


You were on level 5 of the Dungeon.
You were very thirsty.

You visited 1 branch of the dungeon, and saw 5 of its levels.

You collected 152 gold pieces.

Inventory:

Armour
 a - a +0 robe
 n - a +1 cloak (worn)
 y - the +1 robe of Daisies (worn) {*Confuse rC+ rN+}
   (You found it on level 4 of the Dungeon)

   It protects you from cold.
   It protects you from negative energy.
   It may confuse you when you take damage.
Jewellery
 l - an uncursed amulet of the gourmand {unknown}
 v - an uncursed ring of protection from cold {unknown}
Magical devices
 r - a wand of cold (8)
Scrolls
 c - 4 scrolls of remove curse {unknown}
 d - 3 scrolls of teleportation {unknown}
 f - 3 scrolls of enchant armour {unknown}
 g - 4 scrolls of identify {unknown}
 k - a scroll of amnesia {unknown}
 s - a scroll of noise {unknown}
 t - a scroll of blinking {unknown}
 u - a scroll of magic mapping {unknown}
 w - a scroll of immolation {unknown}
Potions
 b - a potion of might {unknown}
 e - a potion of brilliance {unknown}
 h - a potion of curing
 i - a potion of resistance {unknown}
 j - a potion of cancellation {unknown}
 m - a potion of magic {unknown}
 o - a potion of poison {unknown}
 p - a potion of heal wounds {unknown}
 q - 9 potions of blood
 x - 2 potions of lignification {unknown}
 z - a potion of cure mutation {unknown}


   Skills:
 - Level 2.6 Fighting
 - Level 3.2 Dodging
 - Level 3.0 Stealth
 + Level 7.9 Unarmed Combat


You had 4 spell levels left.
You didn't know any spells.

Dungeon Overview and Level Annotations

Branches:
Dungeon (5/15)
 Temple: D:4-7

Altars:
Cheibriados
Dithmenos
Elyvilon
Fedhas
Okawaru
Yredelemnul
The Shining One


Innate Abilities, Weirdness & Mutations

You heal slowly.
You have razor-sharp teeth.
You have supernaturally acute eyesight.
You can survive without breathing.


Message History

The orc hits you with a club.
The hobgoblin hits you but does no damage.
The orc wizard hits you but does no damage.
You closely miss the orc wizard.
The orc wizard is heavily wounded.
The orc wizard closely misses you. The orc wizard casts a spell at you.
The puff of frost hits you! You resist. The orc barely misses you.
The hobgoblin closely misses you.
You barely miss the orc wizard. Your punch misses the orc wizard.
You bite the orc wizard, but do no damage.
The orc wizard is heavily wounded.
The orc wizard points at you and mumbles some strange words.
The magic dart hits you!
* * * LOW HITPOINT WARNING * * *
The orc wizard gestures wildly while chanting.
The orc wizard seems to speed up.
The orc wizard misses you.
The orc priest calls down the wrath of Beogh upon you.
Something smites you!
You die...

........+
........#
.......##+####
#............
#............
+............
#...ooo......
#....@g..."..
##+#....oo......
#.........#+####
#..<>.....#
+.........#
#.........+
#.........#
#.........#
#.........#


You could see an orc priest, 3 orc wizards, an orc and a hobgoblin.

Vanquished Creatures
  A giant frog skeleton (D:4)
  An orc wizard (D:4)
  A centaur skeleton (D:4)
  A worker ant (D:4)
  5 adders
  3 worms
  6 orcs
  8 bats
  A giant cockroach (D:1)
  9 goblins
  11 hobgoblins
  11 kobolds
  A ball python (D:3)
  3 giant newts
  7 jackals
  A jackal skeleton (D:4)
  9 rats
79 creatures vanquished.

Notes
Turn   | Place    | Note
--------------------------------------------------------------
     0 | D:1      | urechis the Vampire Monk began the quest for the Orb.
     0 | D:1      | Reached XP level 1. HP: 17/17 MP: 1/1
   336 | D:1      | Reached XP level 2. HP: 13/23 MP: 2/2
   398 | D:1      | Reached skill level 5 in Unarmed Combat
  1096 | D:1      | Reached XP level 3. HP: 28/28 MP: 3/3
  1212 | D:2      | Found a glowing golden altar of the Shining One.
  1369 | D:2      | Found an iron altar of Okawaru.
  1538 | D:2      | Reached skill level 6 in Unarmed Combat
  1849 | D:3      | Reached XP level 4. HP: 34/34 MP: 4/4
  2311 | D:3      | Found a shadowy altar of Dithmenos.
  2348 | D:3      | Found a basalt altar of Yredelemnul.
  2378 | D:3      | Found a glowing golden altar of the Shining One.
  2648 | D:3      | Noticed an angel
  2728 | D:4      | Found a snail-covered altar of Cheibriados.
  2797 | D:4      | Found a white marble altar of Elyvilon.
  2966 | D:4      | Reached skill level 7 in Unarmed Combat
  2966 | D:4      | Reached XP level 5. HP: 35/39 MP: 5/5
  2979 | D:4      | Got a heavy robe
  2990 | D:4      | Identified the +1 robe of Daisies {*Confuse rC+ rN+} (You found it on level 4 of the Dungeon)
  3525 | D:4      | Found a blossoming altar of Fedhas.
  3738 | D:5      | Entered Level 5 of the Dungeon
  3754 | D:5      | Killed from afar by an orc priest

Vault maps used:
D:1:      sevenhm_arrival_forest_fort_large_4, bh_walls_and_bars
D:2:      okawaru_trees_2, tso_metal_star
D:3:      grunt_temple_overflow_holy_war, lemuel_coloured_pillars_altar,
          grunt_ministairs_8
D:4:      lemuel_doored_altar, kennysheep_little_box,
          nicolae_overflow_crystal_walls, first_bread
D:5:      kennysheep_mini, nicolae_gozag_zags_fifth_avenue, uniq_sigmund,
          uniq_eustachio, uniq_edmund, uniq_grinder

Action                   |  1- 3 |  4- 6 || total
-------------------------+-------+-------++-------
Melee: Unarmed           |   132 |   129 ||   261
  Use: Potion            |     3 |     4 ||     7
 Stab: Sleeping          |    11 |    11 ||    22
